| TOP OF THE 1ST |
|
Seattle Mariners batting - Pitching for Texas Rangers : RHP Pascual Perez
|
|
Pitching: RHP Pascual Perez
|
|
|
Batting: SHB Miguel Dilone
|
0-0: Foul Ball, location: 2F 0-1: Foul Ball, location: 2F 0-2: Strikes out swinging
|
|
Batting: LHB Jose Perales
|
0-0: Called Strike 0-1: Ball 1-1: Ball 2-1: Called Strike 2-2: Foul Ball, location: 2F 2-2: Ball 3-2: Base on Balls
|
|
Batting: RHB Robin Yount
|
0-0: Called Strike 0-1: Ball 1-1: Ball 2-1: Called Strike 2-2: Foul Ball, location: 2F 2-2: 2-RUN HOME RUN (Flyball, 78XD, EV 105.0 MPH), Distance : 448 ft
|
|
Batting: LHB Don Mattingly
|
0-0: Ball 1-0: SINGLE (Flyball, 34D, EV 83.1 MPH)
|
|
Batting: LHB Chris Wynn
|
0-0: Foul Ball, location: 2F 0-1: Called Strike 0-2: Ball 1-2: SINGLE (Groundball, 5D, EV 103.1 MPH) Don Mattingly to second
|
|
Batting: LHB Mike Stenhouse
|
0-0: Ball 1-0: Ball 2-0: Ball 3-0: Called Strike 3-1: Foul Ball, location: 2F 3-2: Fly out, F9 (Flyball, 9D, EV 99.4 MPH) Runner from 2nd tags up, SAFE at 3rd, no throw by RF
|
|
Batting: RHB John Rabb
|
0-0: Ball 1-0: Ball 2-0: Called Strike 2-1: Called Strike 2-2: Strikes out swinging
|
| Top of the 1st over - 2 runs, 3 hits, 0 errors, 2 left on base; Seattle 2 - Texas 0 |
| BOTTOM OF THE 1ST |
|
Texas Rangers batting - Pitching for Seattle Mariners : LHP Randy Jones
|
|
Pitching: LHP Randy Jones
|
|
|
Batting: LHB Lenny Dykstra
|
0-0: Ball 1-0: Ground out 4-3 (Groundball, 4, EV 97.5 MPH)
|
|
Batting: RHB Kirby Puckett
|
0-0: DOUBLE (Line Drive, 7LS, EV 91.9 MPH)
|
|
Batting: RHB Steve Garvey
|
0-0: Fly out, F8 (Flyball, 8RM, EV 91.9 MPH)
|
|
Batting: RHB Steve Balboni
|
0-0: Ball 1-0: Ground out 6-3 (Groundball, 6M, EV 84.4 MPH)
|
| Bottom of the 1st over - 0 runs, 1 hit, 0 errors, 1 left on base; Seattle 2 - Texas 0 |
| TOP OF THE 2ND |
|
Seattle Mariners batting - Pitching for Texas Rangers : RHP Pascual Perez
|
|
Batting: RHB Ryne Sandberg
|
0-0: Foul Ball, location: 2F 0-1: SOLO HOME RUN (Flyball, 7D, EV 92.5 MPH), Distance : 392 ft
|
|
Batting: RHB Tony Conigliaro
|
0-0: SOLO HOME RUN (Flyball, 9D, EV 96.9 MPH), Distance : 396 ft
|
|
Batting: SHB Miguel Dilone
|
0-0: Ball 1-0: Called Strike 1-1: Called Strike 1-2: Ball 2-2: Foul Ball, location: 2F 2-2: Ball 3-2: Foul Ball, location: 2F 3-2: Foul Ball, location: 2F 3-2: Base on Balls
|
|
Batting: LHB Jose Perales
|
0-0: Ball 1-0: Called Strike 1-1: Foul Ball, location: 2F 1-2: Fly out, F9 (Flyball, 89XD, EV 97.5 MPH)
|
|
Batting: RHB Robin Yount
|
0-0: Ball Miguel Dilone is caught stealing 2nd base 2-4 1-0: Ball 2-0: Ball 3-0: Fly out, F8 (Flyball, 8LXD, EV 98.8 MPH)
|
| Top of the 2nd over - 2 runs, 2 hits, 0 errors, 0 left on base; Seattle 4 - Texas 0 |
| BOTTOM OF THE 2ND |
|
Texas Rangers batting - Pitching for Seattle Mariners : LHP Randy Jones
|
|
Batting: LHB Jody Helser
|
0-0: Ground out 2-3 (Groundball, 15S, EV 72.5 MPH)
|
|
Batting: LHB Richie Hebner
|
0-0: Ground out 3-1 (Groundball, 34, EV 84.4 MPH)
|
|
Batting: LHB Ernie Whitt
|
0-0: Foul Ball, location: 2F 0-1: Called Strike 0-2: Foul Ball, location: 2F 0-2: Fly out, F8 (Flyball, 8LS, EV 86.9 MPH)
|
| Bottom of the 2nd over - 0 runs, 0 hits, 0 errors, 0 left on base; Seattle 4 - Texas 0 |
| TOP OF THE 3RD |
|
Seattle Mariners batting - Pitching for Texas Rangers : RHP Pascual Perez
|
|
Batting: LHB Don Mattingly
|
0-0: Ball 1-0: DOUBLE (Line Drive, 3D, EV 96.9 MPH)
|
|
Batting: LHB Chris Wynn
|
0-0: Ball 1-0: Ball 2-0: Ball 3-0: Called Strike 3-1: Swinging Strike 3-2: Strikes out swinging
|
|
Batting: LHB Mike Stenhouse
|
0-0: Ball 1-0: Ground out 6-3 (Groundball, 6, EV 80.6 MPH)
|
|
Batting: RHB John Rabb
|
0-0: Ball 1-0: Fly out, F2 (Popup, 23F, EV 83.1 MPH)
|
| Top of the 3rd over - 0 runs, 1 hit, 0 errors, 1 left on base; Seattle 4 - Texas 0 |
| BOTTOM OF THE 3RD |
|
Texas Rangers batting - Pitching for Seattle Mariners : LHP Randy Jones
|
|
Batting: RHB Juan Rodriguez
|
0-0: Fly out, F9 (Flyball, 89M, EV 95.6 MPH)
|
|
Batting: RHB Juan Samuel
|
0-0: Foul Ball, location: 2F 0-1: Foul Ball, location: 2F 0-2: Ball 1-2: Strikes out swinging
|
|
Batting: LHB Lenny Dykstra
|
0-0: Ground out 4-3 (Groundball, 4, EV 87.5 MPH)
|
| Bottom of the 3rd over - 0 runs, 0 hits, 0 errors, 0 left on base; Seattle 4 - Texas 0 |
| TOP OF THE 4TH |
|
Seattle Mariners batting - Pitching for Texas Rangers : RHP Pascual Perez
|
|
Batting: RHB Ryne Sandberg
|
0-0: Fly out, F9 (Flyball, 89M, EV 92.5 MPH)
|
|
Batting: RHB Tony Conigliaro
|
0-0: Ball 1-0: Foul Ball, location: 2F 1-1: Ball 2-1: Fly out, F9 (Flyball, 89S, EV 82.5 MPH)
|
|
Batting: SHB Miguel Dilone
|
0-0: Ball 1-0: Ground out 5-3 (Groundball, 56, EV 84.4 MPH)
|
| Top of the 4th over - 0 runs, 0 hits, 0 errors, 0 left on base; Seattle 4 - Texas 0 |
| BOTTOM OF THE 4TH |
|
Texas Rangers batting - Pitching for Seattle Mariners : LHP Randy Jones
|
|
Batting: RHB Kirby Puckett
|
0-0: Foul Ball, location: 2F 0-1: Called Strike 0-2: Strikes out swinging
|
|
Batting: RHB Steve Garvey
|
0-0: Fly out, F8 (Flyball, 78D, EV 105.6 MPH)
|
|
Batting: RHB Steve Balboni
|
0-0: Called Strike 0-1: Ball 1-1: Called Strike 1-2: Ball 2-2: Ground out 4-3 (Groundball, 34, EV 85.6 MPH)
|
| Bottom of the 4th over - 0 runs, 0 hits, 0 errors, 0 left on base; Seattle 4 - Texas 0 |
| TOP OF THE 5TH |
|
Seattle Mariners batting - Pitching for Texas Rangers : RHP Pascual Perez
|
|
Batting: LHB Jose Perales
|
0-0: Called Strike 0-1: Foul Ball, location: 2F 0-2: Ball 1-2: Ground out 4-3 (Groundball, 4, EV 103.8 MPH)
|
|
Batting: RHB Robin Yount
|
0-0: Ball 1-0: Foul Ball, location: 2F 1-1: Ball 2-1: SINGLE (Groundball, 34S, EV 72.5 MPH) (infield hit)
|
|
Batting: LHB Don Mattingly
|
0-0: Fly out, F7 (Flyball, 7S, EV 90.6 MPH)
|
|
Batting: LHB Chris Wynn
|
0-0: Called Strike 0-1: Called Strike 0-2: Ball 1-2: Strikes out swinging
|
| Top of the 5th over - 0 runs, 1 hit, 0 errors, 1 left on base; Seattle 4 - Texas 0 |
| BOTTOM OF THE 5TH |
|
Texas Rangers batting - Pitching for Seattle Mariners : LHP Randy Jones
|
|
Batting: LHB Jody Helser
|
0-0: Called Strike 0-1: Foul Ball, location: 2F 0-2: Ground out 6-3 (Groundball, 6, EV 100.0 MPH)
|
|
Batting: LHB Richie Hebner
|
0-0: Ball 1-0: Ground out 1-3 (Groundball, 13S, EV 67.5 MPH)
|
|
Batting: LHB Ernie Whitt
|
0-0: Swinging Strike 0-1: Ball 1-1: Ground out 4-3 (Groundball, 4, EV 96.9 MPH)
|
| Bottom of the 5th over - 0 runs, 0 hits, 0 errors, 0 left on base; Seattle 4 - Texas 0 |
| TOP OF THE 6TH |
|
Seattle Mariners batting - Pitching for Texas Rangers : RHP Pascual Perez
|
|
Batting: LHB Mike Stenhouse
|
0-0: Ground out 6-3 (Groundball, 6M, EV 111.3 MPH)
|
|
Batting: RHB John Rabb
|
0-0: Ball 1-0: Ball 2-0: Ball 3-0: Called Strike 3-1: Swinging Strike 3-2: Strikes out swinging
|
|
Batting: RHB Ryne Sandberg
|
0-0: Ball 1-0: Ball 2-0: Swinging Strike 2-1: Foul Ball, location: 2F 2-2: Strikes out swinging
|
| Top of the 6th over - 0 runs, 0 hits, 0 errors, 0 left on base; Seattle 4 - Texas 0 |
| BOTTOM OF THE 6TH |
|
Texas Rangers batting - Pitching for Seattle Mariners : LHP Randy Jones
|
|
Batting: RHB Juan Rodriguez
|
0-0: Called Strike 0-1: Ball 1-1: Swinging Strike 1-2: Ground out 5-3 (Groundball, 15, EV 85.0 MPH)
|
|
Batting: RHB Juan Samuel
|
0-0: Ball 1-0: Ground out 4-3 (Groundball, 4, EV 100.6 MPH)
|
|
Batting: LHB Lenny Dykstra
|
0-0: Ball 1-0: Swinging Strike 1-1: Ball 2-1: Ball 3-1: Reached on error, E4 (Groundball, 4, EV 108.1 MPH)
|
|
Batting: RHB Kirby Puckett
|
0-0: Ball 1-0: Called Strike 1-1: Ground out U3 (Groundball, 34, EV 80.6 MPH)
|
| Bottom of the 6th over - 0 runs, 0 hits, 1 error, 1 left on base; Seattle 4 - Texas 0 |
| TOP OF THE 7TH |
|
Seattle Mariners batting - Pitching for Texas Rangers : RHP Pascual Perez
|
|
Batting: RHB Tony Conigliaro
|
0-0: Ball 1-0: Fly out, F3 (Popup, 3, EV 66.3 MPH)
|
|
Batting: SHB Miguel Dilone
|
0-0: Called Strike 0-1: Called Strike 0-2: Ball 1-2: Ball 2-2: Ball 3-2: Fly out, F7 (Flyball, 7S, EV 86.9 MPH)
|
|
Batting: LHB Jose Perales
|
0-0: Ball 1-0: Foul Ball, location: 2F 1-1: Foul Ball, location: 2F 1-2: Foul Ball, location: 2F 1-2: Foul Ball, location: 2F 1-2: Ball 2-2: SINGLE (Flyball, 89S, EV 96.3 MPH)
|
|
Pitching: LHP Jesse Orosco
|
|
|
Batting: RHB Robin Yount
|
0-0: Called Strike 0-1: Ball 1-1: Ball 2-1: Ball 3-1: 2-RUN HOME RUN (Flyball, 78XD, EV 100.0 MPH), Distance : 423 ft
|
|
Batting: LHB Don Mattingly
|
0-0: Called Strike 0-1: Ball 1-1: Ball 2-1: Foul Ball, location: 2F 2-2: Foul Ball, location: 2F 2-2: Ball 3-2: Ground out U3 (Groundball, 13, EV 84.4 MPH)
|
| Top of the 7th over - 2 runs, 2 hits, 0 errors, 0 left on base; Seattle 6 - Texas 0 |
| BOTTOM OF THE 7TH |
|
Texas Rangers batting - Pitching for Seattle Mariners : LHP Randy Jones
|
|
Batting: RHB Steve Garvey
|
0-0: Fly out, F9 (Line Drive, 9, EV 85.6 MPH)
|
|
Batting: RHB Steve Balboni
|
0-0: Ball 1-0: Foul Ball, location: 2F 1-1: Ground out 6-3 (Groundball, 6, EV 85.6 MPH)
|
|
Batting: LHB Jody Helser
|
0-0: Called Strike 0-1: Ground out 2-3 (Groundball, 2L, EV 67.5 MPH)
|
| Bottom of the 7th over - 0 runs, 0 hits, 0 errors, 0 left on base; Seattle 6 - Texas 0 |
| TOP OF THE 8TH |
|
Seattle Mariners batting - Pitching for Texas Rangers : LHP Jesse Orosco
|
|
Batting: LHB Chris Wynn
|
0-0: Called Strike 0-1: Called Strike 0-2: Ball 1-2: Ball 2-2: Ground out 4-3 (Groundball, 4M, EV 91.9 MPH)
|
|
Batting: LHB Mike Stenhouse
|
0-0: Called Strike 0-1: Single, Error in OF, E7, batter to second base (Line Drive, 78S, EV 99.4 MPH)
|
|
Batting: RHB John Rabb
|
0-0: Ball 1-0: Called Strike 1-1: Swinging Strike 1-2: 2-RUN HOME RUN (Flyball, 7D, EV 104.4 MPH), Distance : 388 ft
|
|
Pinch Hitting: RHB Juan DeLiza
|
0-0: Called Strike 0-1: Ball 1-1: Ball 2-1: Foul Ball, location: 2F 2-2: Strikes out swinging
|
|
Batting: RHB Tony Conigliaro
|
0-0: Ball 1-0: SOLO HOME RUN (Flyball, 7LD, EV 98.1 MPH), Distance : 351 ft
|
|
Batting: SHB Miguel Dilone
|
0-0: Ball 1-0: Ball 2-0: Ball 3-0: Called Strike 3-1: Called Strike 3-2: Foul Ball, location: 2F 3-2: Ground out 6-3 (Groundball, 6, EV 85.6 MPH)
|
| Top of the 8th over - 3 runs, 3 hits, 1 error, 0 left on base; Seattle 9 - Texas 0 |
| BOTTOM OF THE 8TH |
|
Texas Rangers batting - Pitching for Seattle Mariners : LHP Randy Jones
|
|
Now at 2B: Juan DeLiza
|
|
|
Batting: LHB Richie Hebner
|
0-0: Called Strike 0-1: Ball 1-1: Ball 2-1: SINGLE (Flyball, 7LS, EV 95.0 MPH)
|
|
Batting: LHB Ernie Whitt
|
0-0: Ball 1-0: SINGLE (Groundball, 4D, EV 103.8 MPH) Richie Hebner to second
|
|
Batting: RHB Juan Rodriguez
|
0-0: Fielders Choice at 2nd, 6-4 (Groundball, 56, EV 83.1 MPH) Richie Hebner to third
|
|
Batting: RHB Juan Samuel
|
0-0: Called Strike 0-1: Fielders Choice at 2nd, 4-6 (Groundball, 4, EV 80.0 MPH) Richie Hebner scores
|
|
Batting: LHB Lenny Dykstra
|
0-0: Called Strike 0-1: Foul Ball, location: 2F 0-2: Ball 1-2: Foul Ball, location: 2F 1-2: Ball 2-2: Fly out, F8 (Flyball, 8RM, EV 87.5 MPH)
|
| Bottom of the 8th over - 1 run, 2 hits, 0 errors, 1 left on base; Seattle 9 - Texas 1 |
| TOP OF THE 9TH |
|
Seattle Mariners batting - Pitching for Texas Rangers : LHP Jesse Orosco
|
|
Batting: LHB Jose Perales
|
0-0: Foul Ball, location: 2F 0-1: Called Strike 0-2: Strikes out swinging
|
|
Batting: RHB Robin Yount
|
0-0: Ball 1-0: Ball 2-0: Ball 3-0: Called Strike 3-1: Base on Balls
|
|
Pitching: RHP George Stablein
|
|
|
Pinch Hitting: RHB Ken Reitz
|
0-0: Foul Ball, location: 2F 0-1: Ball 1-1: Called Strike Robin Yount steals 2nd base 1-2: DOUBLE (Line Drive, 9LM, EV 104.4 MPH) Robin Yount scores
|
|
Batting: LHB Chris Wynn
|
0-0: Called Strike 0-1: Ball 1-1: Fly out, F7 (Line Drive, 7, EV 100.6 MPH)
|
|
Batting: LHB Mike Stenhouse
|
0-0: Called Strike 0-1: Fly out, F8 (Line Drive, 8LD, EV 96.3 MPH)
|
| Top of the 9th over - 1 run, 1 hit, 0 errors, 1 left on base; Seattle 10 - Texas 1 |
| BOTTOM OF THE 9TH |
|
Texas Rangers batting - Pitching for Seattle Mariners : LHP Randy Jones
|
|
Now at 1B: Ken Reitz
|
|
|
Batting: RHB Kirby Puckett
|
0-0: Fly out, F6 (Popup, 4S, EV 73.1 MPH)
|
|
Batting: RHB Steve Garvey
|
0-0: Ball 1-0: SOLO HOME RUN (Flyball, 78XD, EV 103.8 MPH), Distance : 422 ft
|
|
Batting: RHB Steve Balboni
|
0-0: Called Strike 0-1: SINGLE (Groundball, 34D, EV 101.3 MPH)
|
|
Pitching: RHP Timothy Jones
|
|
|
Batting: LHB Jody Helser
|
0-0: Ball Pickoff Throw by Catcher to First - Out! 1-0: Swinging Strike 1-1: Ball 2-1: Ball 3-1: Base on Balls
|
|
Batting: LHB Richie Hebner
|
0-0: Ball 1-0: Called Strike 1-1: Swinging Strike 1-2: Ball 2-2: Strikes out swinging
|
| Bottom of the 9th over - 1 run, 2 hits, 0 errors, 1 left on base; Seattle 10 - Texas 2 |
|